 Dungeon Crawl Stone Soup version 0.25.1-2-g60ff931df9 (webtiles) character file.

Game seed: 4008339377684322870

2730 DildoBatman the Conjurer (level 9, -2/65 HPs)
             Began as a Formicid Wizard on Oct 25, 2020.
             Was a Believer of Kikubaaqudgha.
             Killed by divine providence
             ... invoked by an orc priest
              (16 damage)
             ... on level 9 of the Dungeon.
             The game lasted 00:26:09 (7561 turns).

DildoBatman the Conjurer (Formicid Wizard)          Turns: 7561, Time: 00:26:10

Health: -2/65      AC:  4    Str: 12    XL:     9   Next: 99%
Magic:  5/15       EV: 13    Int: 21    God:    Kikubaaqudgha [**....]
Gold:   431        SH:  3    Dex:  9    Spells: 4/16 levels left

rFire    . . .     SeeInvis +   b - +2 spear (freeze)
rCold    . . .     Gourm    .   L - +0 buckler (curse)
rNeg     . . .     Faith    .   l - +0 robe
rPois    +         Spirit   .   (helmet unavailable)
rElec    .         Reflect  .   e - +0 cloak
rCorr    .         Harm     .   i - +0 pair of gloves
MR       +....                  (no boots)
Stlth    ++........             (no amulet)
HPRegen  0.20/turn              r - ring of protection from magic
MPRegen  0.14/turn              D - ring of poison resistance

@: very slightly contaminated
A: permanent stasis, dig shafts and tunnels, four strong arms, antennae 3
a: Dig, Shaft Self, Receive Corpses, Renounce Religion


You were on level 9 of the Dungeon.
You worshipped Kikubaaqudgha.
Kikubaaqudgha was pleased with you.
You were hungry.

You visited 2 branches of the dungeon, and saw 10 of its levels.

You collected 431 gold pieces.

Inventory:

Hand Weapons
 a - a +0 hunting sling
 b - a +2 spear of freezing (weapon)
 c - a +1 dagger of venom
 p - a +2 mace of draining
 t - a +1 antimagic whip
 F - a +4 quarterstaff of chaos
Missiles
 h - 20 sling bullets
 y - 104 arrows
 B - 47 poisoned darts (quivered)
 E - a javelin
 J - 211 stones
Armour
 e - a +0 cloak (worn)
 i - a +0 pair of gloves (worn)
 l - a +0 robe (worn)
 L - a cursed +0 buckler (worn)
Jewellery
 m - an uncursed amulet of magic regeneration
 r - a ring of protection from magic (left hand)
 D - a ring of poison resistance (right hand)
 H - an uncursed ring of protection from magic
Wands
 o - a wand of flame (17)
 K - a wand of paralysis (4)
Scrolls
 j - a scroll of noise {unknown}
 q - 2 scrolls of enchant weapon
 u - 2 scrolls of enchant armour {unknown}
 x - 4 scrolls of remove curse
 z - 5 scrolls of identify
 A - 2 scrolls of fear {unknown}
 C - 3 scrolls of magic mapping
 I - a scroll of random uselessness {unknown}
Potions
 d - a potion of lignification {unknown}
 f - 4 potions of haste {unknown}
 g - 2 potions of flight {unknown}
 k - 2 potions of heal wounds {unknown}
 n - 8 potions of curing
 s - a potion of invisibility {unknown}
 w - 4 potions of degeneration {unknown}
 G - a potion of berserk rage {unknown}
Comestibles
 v - 9 rations


   Skills:
 * Level 3.8 Fighting
 - Level 0.8 Short Blades
 * Level 3.8 Armour
 * Level 3.7 Dodging
 - Level 2.4 Stealth
 * Level 1.6 Shields
 * Level 4.1 Spellcasting
 - Level 6.0 Conjurations
   Level 1.0 Summonings
 * Level 2.3 Necromancy
   Level 0.8 Translocations
 - Level 5.0 Fire Magic
 - Level 5.0 Air Magic


You had 4 spell levels left.
You knew the following spells:

 Your Spells              Type           Power        Failure   Level  Hunger
a - Conjure Flame         Conj/Fire      ####....     4%          3    ###....
c - Magic Dart            Conj           ####         1%          1    None
d - Vampiric Draining     Necr           ##........   16%         3    ###....
e - Mephitic Cloud        Conj/Pois/Air  ###.....     10%         3    ###....
z - Sublimation of Blood  Necr           ##........   9%          2    #......

Your spell library contained the following spells:

 Spells                   Type           Power        Failure   Level  Hunger
 Animate Skeleton         Necr           N/A          5%          1    None
 Pain                     Necr           ##..         5%          1    None
 Beastly Appendage        Tmut           #.....       14%         1    None
 Call Imp                 Summ           #.......     14%         2    #......
 Slow                     Hex            #.......     22%         2    #......
 Sticks to Snakes         Tmut           #.......     22%         2    #......
 Spider Form              Tmut/Pois      #.........   38%         3    ###....
 Animate Dead             Necr           N/A          47%         4    ####...
 Ice Form                 Ice/Tmut       #.......     80%         4    ####...
 Agony                    Necr           ##......     83%         5    ######.
 Blade Hands              Tmut           #.........   98%         5    ######.
 Blink                    Tloc           Unusable     N/A         2    N/A

Dungeon Overview and Level Annotations

Branches:
Dungeon (9/15)             Temple (1/1) D:4
   Lair: D:8-11         Orc: D:9-12

Altars:
Ashenzari
Cheibriados
Dithmenos
Elyvilon
Fedhas
Gozag
Hepliaklqana
Kikubaaqudgha
Makhleb
Nemelex Xobeh
Okawaru
Qazlal
Ru
Sif Muna
Trog
Uskayaw
Vehumet
Wu Jian
Zin
The Shining One

Annotations:
D:9 2 transporters, Grum


Innate Abilities, Weirdness & Mutations

You cannot be hasted, slowed, berserked, paralysed or teleported.
You can dig through walls and to a lower floor.
Your four strong arms can wield two-handed weapons with a shield.
You have a pair of large antennae on your head. (SInv)


Message History

Confirm with . or Enter, or press ? or * to list all spells.
Aiming: Mephitic Cloud (dangerous; 10% risk of failure)
Press: ? - help, Shift-Dir - straight line, f/p - wolf
Aim: a wolf (moderately wounded, confused)
The ball explodes into a vile cloud!
The stinking cloud engulfs the wolf but does no damage.
The wolf is moderately wounded.
The stinking cloud engulfs the orc priest but does no damage.
The wolf is engulfed in noxious fumes.
The wolf appears confused.
The wolf is engulfed in noxious fumes.
The wolf appears confused.
The wolf is engulfed in noxious fumes.
The wolf appears confused.
Something hits the orc priest!
The orc priest is engulfed in noxious fumes.
The orc priest invokes the aid of Beogh against you.
Beogh smites you!
You die...
Kikubaaqudgha rasps: "You have failed me!
Welcome... death!"

####### #<.....
############ #.####.
...?.......#######.#
#.......â—‹â—‹........#
#.<...@.hâ—‹...######
#..######o#..#
#{#..#####. #{#........
#h#.######. #.#.# .###
.. #.#.# #....#.. #.#.#
#....... ##.#.#


You could see a wolf (confused) and an orc priest.

Vanquished Creatures
  Grinder (D:5)
  Prince Ribbit (D:6)
  Sigmund (D:5)
  A hungry ghost (D:7)
  Menkaure (D:7)
  Duvessa (D:7)
  2 orc warriors
  An ice beast (D:8)
  A sky beast (D:9)
  A phantom (D:6)
  An eye of draining (D:9)
  2 centaurs (D:5)
  An ogre (D:9)
  A big kobold (D:8)
  A gnoll sergeant (D:6)
  Dowan (D:7)
  A scorpion (D:4)
  A howler monkey (D:6)
  4 crimson imps
  A quasit (D:6)
  2 centaur skeletons
  A jelly (D:9)
  An orc priest (D:9)
  Crazy Yiuf (D:5)
  A bullfrog skeleton (D:5)
  An iguana (D:6)
  2 worker ants (D:4)
  A hound zombie (D:8)
  A hound skeleton (D:6)
  A worker ant zombie (D:7)
  8 gnolls
  A howler monkey skeleton (D:6)
  12 adders
  2 shadow imps
  An ooze (D:2)
  2 adder zombies (D:6)
  2 worms (D:4)
  5 dart slugs
  6 leopard geckos
  9 orcs
  A ball python (D:2)
  9 bats
  7 giant cockroaches
  10 goblins
  6 hobgoblins
  9 jackals
  16 kobolds
  6 quokkas
  8 frilled lizards
  A jackal zombie (D:6)
  6 rats
  A fungus (D:5)
165 creatures vanquished.

Notes
Turn   | Place    | Note
-------+----------+-------------------------------------------
     0 | D:1      | DildoBatman the Formicid Wizard began the quest for the
                  | Orb.
     0 | D:1      | Reached XP level 1. HP: 13/13 MP: 4/4
    37 | D:1      | Reached skill level 1 in Conjurations
   265 | D:1      | Reached XP level 2. HP: 8/19 MP: 0/6
   505 | D:1      | Reached skill level 2 in Conjurations
   897 | D:2      | Reached XP level 3. HP: 24/24 MP: 4/7
  1086 | D:2      | Reached skill level 3 in Conjurations
  1292 | D:2      | Reached XP level 4. HP: 30/30 MP: 3/8
  1297 | D:2      | Learned a level 3 spell: Conjure Flame
  1301 | D:2      | Learned a level 3 spell: Mephitic Cloud
  1829 | D:3      | Reached skill level 4 in Conjurations
  1829 | D:3      | Reached XP level 5. HP: 20/35 MP: 5/9
  2365 | D:4      | Found a staircase to the Ecumenical Temple.
  2376 | Temple   | Entered the Ecumenical Temple
  2624 | Temple   | Became a worshipper of Kikubaaqudgha
  2842 | D:4      | Reached XP level 6. HP: 41/41 MP: 5/10
  3053 | D:4      | Reached skill level 5 in Conjurations
  3068 | D:4      | Found a sparkling altar of Nemelex Xobeh.
  3194 | D:4      | Reached skill level 1 in Fire Magic
  3390 | D:5      | Entered Level 5 of the Dungeon
  3411 | D:5      | Reached skill level 1 in Air Magic
  3564 | D:5      | Reached XP level 7. HP: 46/46 MP: 9/11
  3628 | D:5      | Found an ornate altar of the Wu Jian Council.
  3707 | D:5      | Noticed Sigmund
  3752 | D:5      | Killed Sigmund
  4158 | D:5      | Noticed Grinder
  4455 | D:5      | Killed Grinder
  4455 | D:5      | Reached skill level 6 in Conjurations
  4455 | D:5      | Reached XP level 8. HP: 52/52 MP: 1/12
  4482 | D:5      | Found a hide-covered altar of Uskayaw.
  4497 | D:5      | Reached * piety under Kikubaaqudgha
  4497 | D:5      | Identified Kikubaaqudgha's Handbook of Dark Rituals
                  | (Kikubaaqudgha gifted it to you on level 5 of the Dungeon)
  4497 | D:5      | Received a gift from Kikubaaqudgha
  4537 | D:5      | Found a stormy altar of Qazlal.
  4611 | D:5      | Learned a level 2 spell: Sublimation of Blood
  4615 | D:5      | Learned a level 3 spell: Vampiric Draining
  4616 | D:5      | Found a runed translucent door.
  4617 | D:5      | Noticed Crazy Yiuf
  4650 | D:5      | Killed Crazy Yiuf
  4846 | D:6      | Found an opulent altar of Gozag.
  4888 | D:6      | Noticed Prince Ribbit
  4908 | D:6      | Killed Prince Ribbit
  4962 | D:6      | Reached skill level 5 in Fire Magic
  5327 | D:6      | Reached XP level 9. HP: 49/57 MP: 0/13
  5338 | D:6      | Reached skill level 5 in Air Magic
  5737 | D:7      | Reached skill level 1 in Fighting
  5817 | D:7      | Reached skill level 1 in Armour
  5838 | D:7      | Noticed Dowan
  5850 | D:7      | Noticed Duvessa
  5861 | D:7      | Killed Duvessa
  5861 | D:7      | Reached ** piety under Kikubaaqudgha
  5907 | D:7      | Killed Dowan
  6154 | D:7      | Noticed Menkaure
  6212 | D:7      | Killed Menkaure
  6212 | D:7      | Reached skill level 1 in Necromancy
  6895 | D:8      | Found a burning altar of Makhleb.
  7137 | D:9      | Found a transporter.
  7138 | D:9      | Noticed a freezing wraith
  7139 | D:9      | Noticed a troll
  7140 | D:9      | Noticed a cyclops
  7141 | D:9      | Found a transporter.
  7141 | D:9      | Found a hazy altar of Hepliaklqana.
  7141 | D:9      | Noticed a great orb of eyes
  7227 | D:9      | Reached skill level 1 in Shields
  7390 | D:9      | Found an opulent altar of Gozag.
  7412 | D:9      | Noticed a two-headed ogre
  7533 | D:9      | Noticed Grum
  7561 | D:9      | Killed from afar by an orc priest

Illustrated notes

Levels and vault maps discovered:
D:1:      elethiomel_arrival_maze, layout_basic
D:2:      minmay_evil_eye, layout_basic, minmay_misc_feat_roman
D:3:      layout_rooms, first_ration, kennysheep_generic_room_10
D:4:      layout_rooms, old_standard_altar, minmay_temple_entry_junction
D:5:      layout_gridville, lemuel_crystal_altar,
          gammafunk_temple_overflow_pools, uniq_grinder, uniq_sigmund,
          uniq_crazy_yiuf_cottage
D:6:      layout_loops_ring, lemuel_doored_altar, palyth_stone_intersect,
          uniq_prince_ribbit1
D:7:      layout_rooms, uniq_duvessa, uniq_menkaure
D:8:      layout_cave_pods, basic_altar
D:9:      minmay_goldmine, layout_loops_ring, old_standard_altar,
          gammafunk_temple_overflow_arena, lemuel_round_altar, basic_altar,
          serial_shops, shop, uniq_grum
Temple:   minmay_temple_curvy_branch

Skill      XL: |  1  2  3  4  5  6  7  8  9 |
---------------+----------------------------+-----
Conjurations   | 1 2 3 4 5 6 |  6.0
Fire Magic     | 1 3 5 |  5.0
Air Magic      | 1 3 4 5 |  5.0
Fighting       | 3 |  3.8
Dodging        | 3 |  3.7
Armour         | 3 |  3.8
Necromancy     | 2 |  2.3
Shields        | 1 |  1.6
Spellcasting   | 4 |  4.1
Short Blades   | |  0.8
Stealth        | |  2.4
Summonings     | |  1.0
Translocations | |  0.8

Action                   |  1- 3 |  4- 6 |  7- 9 || total
-------------------------+-------+-------+-------++-------
Melee: Unarmed           |    15 |       |       ||    15
       Dagger            |     4 |       |       ||     4
       Whip              |       |       |    14 ||    14
       Quarterstaff      |       |       |     6 ||     6
       Spear             |       |       |   168 ||   168
 Fire: Hunting sling     |    18 |   100 |   194 ||   312
Throw: Stone             |     7 |       |       ||     7
       Dart              |       |    13 |    18 ||    31
       Javelin           |       |     3 |     2 ||     5
 Cast: Magic Dart        |    63 |    80 |    70 ||   213
       Mephitic Cloud    |       |     3 |    28 ||    31
       Conjure Flame     |       |       |    28 ||    28
 Abil: Dig               |       |     5 |     8 ||    13
Evoke: Wand              |       |       |     3 ||     3
  Use: Scroll            |       |     2 |     1 ||     3
       Potion            |       |       |     1 ||     1
 Stab: Paralysed         |       |       |     5 ||     5
       Confused          |       |       |     1 ||     1
  Eat: Chunk             |     1 |     8 |    17 ||    26
Armor: Robe              |     8 |    14 |    48 ||    70
Dodge: Dodged            |    24 |    30 |   119 ||   173
Block: Buckler           |       |       |     8 ||     8
